 Dungeon Crawl Stone Soup version 0.25-a0-424-g80bd347ae0 (webtiles) character file.

Game seed: 3806932371866248075, levelgen mode: deterministic

67 ChaosChampion the Insei (level 4, -2/28 HPs)
             Began as an Octopode Transmuter on Jan 23, 2020.
             Was an Initiate of Ru.
             Slain by Sigmund
             ... wielding a +0 scythe
              (13 damage)
             ... on level 2 of the Dungeon.
             The game lasted 00:02:23 (985 turns).

ChaosChampion the Insei (Octopode Transmuter)        Turns: 985, Time: 00:02:23

Health: -2/28      AC:  1    Str:  9    XL:     4   Next: 18%
Magic:  1/7        EV: 13    Int: 16    God:    Ru [......]
Gold:   71         SH:  0    Dex: 12    Spells: 2/8 levels left

rFire    . . .     SeeInvis .     - Unarmed
rCold    . . .     Gourm    .   (no shield)
rNeg     . . .     Faith    .   (helmet restricted)
rPois    .         Spirit   .   (no amulet)
rElec    .         Reflect  .   (no ring)
rCorr    .         Harm     .   (no ring)
MR       .....                  (no ring)
Stlth    +++.......             (no ring)
HPRegen  0.09/turn              (no ring)
MPRegen  0.10/turn              (no ring)
                                (no ring)
                                (no ring)

@: no status effects
A: almost no armour, stealthy swim, amphibious, 8 rings, constrict 8, camouflage
1, gelatinous body 1
a: Renounce Religion


You were on level 2 of the Dungeon.
You worshipped Ru.
Ru was noncommittal.
You were hungry.

You visited 1 branch of the dungeon, and saw 2 of its levels.

You collected 71 gold pieces.

Inventory:

Missiles
 a - 16 arrows
 j - 5 atropa-tipped darts (quivered)
Scrolls
 b - a scroll of random uselessness {unknown}
 d - a scroll of blinking
 g - 2 scrolls of identify {unknown}
 h - 2 scrolls of teleportation {unknown}
Potions
 e - 3 potions of curing {unknown}
 f - 2 potions of heal wounds {unknown}
 i - a potion of cancellation {unknown}
Comestibles
 c - 3 rations


   Skills:
 + Level 1.4 Fighting
 + Level 2.3 Dodging
 * Level 2.1 Stealth
 * Level 3.4 Unarmed Combat
 * Level 2.5 Spellcasting
 * Level 2.5 Transmutations


You had 2 spell levels left.
You knew the following spells:

 Your Spells              Type           Power        Failure   Level  Hunger
a - Beastly Appendage     Tmut           ##....       7%          1    #......
b - Sticks to Snakes      Tmut           ##......     11%         2    ##.....
c - Spider Form           Tmut/Pois      #.........   34%         3    ###....

Your spell library contained the following spells:

 Spells                   Type           Power        Failure   Level  Hunger
 Ice Form                 Ice/Tmut       #.......     75%         4    #####..
 Blade Hands              Tmut           ##........   88%         5    ######.


Dungeon Overview and Level Annotations

Branches:
Dungeon (2/15)

Altars:
Ru

Annotations:
D:2 Sigmund


Innate Abilities, Weirdness & Mutations

You cannot wear most types of armour.
You are very stealthy in the water. (Stealth+)
You are amphibious.
You can wear up to eight rings at the same time.
You can use your tentacles to constrict eight enemies at once.
Your skin changes colour to match your surroundings (Stealth+).
Your rubbery body absorbs attacks. (AC +1, EV +1)


Message History

Press: ? - help, Shift-Dir - straight line, f - you
Okay, then.
Casting: Sticks to Snakes (safe; 11% risk of failure)
Confirm with . or Enter, or press ? or * to list all spells.
You create a snake!
You now have 16 arrows.
Throwing (i - inventory)
j - 5 atropa-tipped darts (quivered)
Press: ? - help, Shift-Dir - straight line, f - dart slug
Aim: a dart slug (chance to blind on hit: 100%)
Okay, then.
Something barely misses you.
Casting: Sticks to Snakes (safe; 11% risk of failure)
Confirm with . or Enter, or press ? or * to list all spells.
You don't have enough magic to cast that spell.
You barely miss something. Something completely misses you.
You closely miss something. You tentacle-slap something.
Something barely misses you.
You closely miss something. You closely miss something. You squeeze something.
Something hits you!
You swap places.
Something hits you!
You die...

####'.### ###
#....#.## ##.##
####..#.## ##.#.##
##.###.###.###.##
##.## ##.#.## ##.##
#.## ##.## ##.# ##.##
#.#.# ##..# ##..###.#
#.###.#.## #....#.#
###S@#...# ##)...#
##.{SS..†.# ##.#.#
##..#......#
#####.#.###.....w.#..#
..<.....##....#..#...#
#####+###.......#....#
#.#.#.#........
........#.....##
........#..#....#


You could see a dart slug, 2 friendly adders and a friendly ball python.

Vanquished Creatures
  An orc wizard (D:2)
  An adder (D:2)
  A dart slug (D:1)
  3 leopard geckos (D:1)
  3 bats (D:1)
  2 goblins (D:1)
  2 hobgoblins
  A ball python (D:2)
  4 frilled lizards
  A kobold (D:2)
  5 rats (D:1)
24 creatures vanquished.

Vanquished Creatures (collateral kills)
  A goblin (D:1)
  A hobgoblin (D:1)
2 creatures vanquished.

Grand Total: 26 creatures vanquished

Notes
Turn   | Place    | Note
-------+----------+-------------------------------------------
     0 | D:1      | ChaosChampion the Octopode Transmuter began the quest for
                  | the Orb.
     0 | D:1      | Reached XP level 1. HP: 13/13 MP: 3/3
   149 | D:1      | Reached XP level 2. HP: 18/18 MP: 5/5
   153 | D:1      | Learned a level 2 spell: Sticks to Snakes
   244 | D:1      | Reached skill level 1 in Stealth
   708 | D:1      | Reached XP level 3. HP: 15/23 MP: 2/6
   713 | D:1      | Learned a level 3 spell: Spider Form
   850 | D:2      | Found a sacrificial altar of Ru.
   866 | D:2      | Reached XP level 4. HP: 23/28 MP: 1/7
   870 | D:2      | Became a worshipper of Ru the Awakened
   967 | D:2      | Noticed Sigmund
   985 | D:2      | Slain by Sigmund

Levels and vault maps discovered:
D:1:      scummos_arrival_star, layout_loops_corners, due_unseen_surprise
D:2:      layout_loops_corners, tso_altar, grunt_temple_overflow_open,
          chequers_temple_overflow_statue_of_worship, hangedman_decor_opposing,
          nicolae_ru_great_annihilating_truth, uniq_jessica, uniq_sigmund

Skill      XL: |  1  2  3 |
---------------+----------+-----
Stealth        | 1 2 |  2.1
Fighting       | |  1.4
Dodging        | |  2.3
Unarmed Combat | |  3.4
Spellcasting   | |  2.5
Transmutations | |  2.5

Action                   |  1- 3 |  4- 6 || total
-------------------------+-------+-------++-------
Melee: Unarmed           |    47 |     9 ||    56
       Constrict         |     9 |       ||     9
       Tentacles         |     8 |     1 ||     9
       Kick              |     1 |       ||     1
       Punch             |     1 |       ||     1
 Cast: Sticks to Snakes  |     2 |     3 ||     5
       Beastly Appendage |     2 |       ||     2
       Spider Form       |     1 |     1 ||     2
  Use: Scroll            |     1 |       ||     1
 Stab: Sleeping          |     6 |       ||     6
       Invisible         |       |     1 ||     1
Armor: Skin              |     4 |     1 ||     5
Dodge: Dodged            |    26 |     5 ||    31

Table legend:
 A = Non-vault XP
 B = Vault XP
 C = Vault XP percentage of total XP
 D = Non-vault monster count
 E = Vault monster count
 F = Vault count percentage of total count
                 A         B        C        D         E       F
            +---------+---------+-------+---------+---------+-------
      Total |      52 |      45 |  46.4 |      22 |       4 |  15.4
            +---------+---------+-------+---------+---------+-------
        D:1 |      35 |       0 |   0.0 |      19 |       0 |   0.0
        D:2 |      17 |      45 |  72.6 |       3 |       4 |  57.1
            +---------+---------+-------+---------+---------+-------
